 Dungeon Crawl Stone Soup version 0.28-a0-704-g4d584c6bc1 (webtiles) character file.

Game seed: 8750536831092673574

35 MacCMillion the Grave Robber (level 3, 23/28 HPs)
             Began as a Deep Dwarf Necromancer on Oct 24, 2021.
             Quit the game on level 2 of the Dungeon.
             The game lasted 00:07:02 (1719 turns).

MacCMillion the Grave Robber (DDNe)                 Turns: 1719, Time: 00:07:03

Health: 23/28      AC:  2    Str: 11    XL:     3   Next: 17%
Magic:  0/6        EV: 12    Int: 16    God:
Gold:   10         SH:  0    Dex: 13    Spells: 2/6 levels left

rFire   . . .      SeeInvis .   (no weapon)
rCold   . . .      Faith    .   (no shield)
rNeg    . . .      Spirit   .   a - +0 robe
rPois   .          Reflect  .   (no helmet)
rElec   .          Harm     .   (no cloak)
rCorr   .          Rampage  .   (no gloves)
Will    .....                   (no boots)
Stlth   ++........              (no amulet)
HPRegen 0.00/turn               (no ring)
MPRegen 0.10/turn               (no ring)

@: no status effects
A: damage resistance, heal wounds, sense surroundings 1, no regeneration
a: Heal Wounds


You were on level 2 of the Dungeon.
You visited 1 branch of the dungeon, and saw 2 of its levels.

You collected 10 gold pieces.

Inventory:

Missiles
 e - 15 poisoned darts
Armour
 a - a +0 robe (worn)
Jewellery
 c - a +6 ring of intelligence
Scrolls
 d - 2 scrolls of magic mapping {unknown}
Potions
 b - a potion of ambrosia {unknown}


   Skills:
 - Level 2.2 Dodging
 - Level 2.7 Stealth
 - Level 2.0 Spellcasting
 + Level 5.3 Necromancy


You had 2 spell levels left.
You knew the following spells:

 Your Spells              Type           Power      Damage    Failure   Level
a - Pain                  Necr           72%        1d7       2%          1
b - Vampiric Draining     Necr           9%         2d7       7%          3

Your spell library contained the following spells:

 Spells                   Type           Power      Damage    Failure   Level
 Animate Skeleton         Necr           36%        N/A       2%          1
 Animate Dead             Necr           9%         N/A       22%         4
 Agony                    Necr           18%        N/A       54%         5
 Fireball                 Conj/Fire      0%         3d3       99%         5
 Iskenderun's Battlesphe  Conj           1%         2d6       99%         5
 Conjure Ball Lightning   Conj/Air       0%         3x3d6     100%        6
 Orb of Destruction       Conj           0%         N/A       100%        7


Dungeon Overview and Level Annotations

Branches:
Dungeon (2/15)

Altars:


Innate Abilities, Weirdness & Mutations

You are resistant to damage.
You can heal yourself by infusing magical energy.
You passively map a small area around you.
You do not regenerate.


Message History

The worm writhes in agony.
The worm barely resists.
The worm barely resists.
The worm writhes in agony.
The worm writhes in agony.
You are too depleted to draw on your mana recklessly!
You are too depleted to draw on your mana recklessly!
You start resting.
A worm is nearby!
You start resting.
A worm is nearby!
The worm writhes in agony.
The worm writhes in agony.
The worm writhes in agony.
The worm writhes in agony.
The worm writhes in agony.
You start resting.
A worm is nearby!
The worm barely resists.
The worm writhes in agony.
You are too depleted to draw on your mana recklessly!
You completely miss the worm.
The worm is heavily wounded.
You hit the worm.
The worm is severely wounded.
The worm closely misses you.
You hit the worm.
The worm is severely wounded.
You hit the worm but do no damage.
The worm is severely wounded.
The worm bites you.
You hit the worm.
The worm is severely wounded.
The worm bites you but does no damage.
The worm writhes in agony.
You are too depleted to draw on your mana recklessly!
Saving game... please wait.
Welcome back, MacCMillion the Deep Dwarf Necromancer.
Press ? for a list of commands and other information.
Are you sure you want to abandon this character and quit the game? (Confirm with "yes".)

######### #.......########
##### #.#####........#
#...#######.#####..#####.#
#.#.....w..@...##..####* *
#...#######.##........#* *
##.## #...<....##.# #
#.##### ########.##.##.#
#...w.# #..<....# ######.#
#########.##w##.# #...w..#
#...>..##.##.#* # #.####.#
#......##.##.##.# #.####.#
#......##.......#


You could see a worm.

Vanquished Creatures
  An adder (D:2)
  A worm (D:2)
  A dart slug (D:1)
  A bat (D:1)
  An endoplasm (D:2)
  A giant cockroach (D:1)
  3 goblins (D:1)
  2 hobgoblins (D:1)
  2 quokkas
  3 ball pythons
  4 frilled lizards (D:1)
  A kobold (D:1)
  A rat (D:1)
22 creatures vanquished.

Notes
Turn   | Place    | Note
-------+----------+-------------------------------------------
     0 | D:1      | MacCMillion the Deep Dwarf Necromancer began the quest for
                  | the Orb.
     0 | D:1      | Reached XP level 1. HP: 15/15 MP: 3/3
   353 | D:1      | Reached XP level 2. HP: 8/22 MP: 0/4
   733 | D:1      | Reached skill level 5 in Necromancy
  1128 | D:2      | Reached XP level 3. HP: 9/28 MP: 0/5
  1132 | D:2      | Learned a level 3 spell: Vampiric Draining
  1265 | D:2      | Found a faded altar of an unknown god.
  1719 | D:2      | Quit the game

Illustrated notes

Levels and vault maps discovered:
D:1:      sevenhm_arrival_forest_fort_small_3, layout_basic, minivault_27
D:2:      layout_loops_cross, dreamdust_ecumenical_altar_hidden_monk_grotto,
          uniq_crazy_yiuf_cottage

Skill      XL: |  1  2  3 |
---------------+----------+-----
Necromancy     | 5 |  5.3
Spellcasting   | 2 |  2.0
Dodging        | |  2.2
Stealth        | |  2.7

Action                   || total
-------------------------++-------
Melee: Unarmed           ||    13
 Cast: Pain              ||    62
       Vampiric Draining ||     8
Armor: Robe              ||     6
Dodge: Dodged            ||     9

Table legend: (Time is in decaauts)
 A = Elapsed time spent in this place.
 B = Non-inter-level travel time spent in this place.
 C = Inter-level travel time spent in this place.
 D = Time resting spent in this place.
 E = Time spent auto-exploring this place.
 F = Levels seen in this place.
 G = Mean time per level.
                   A        B        C        D        E       F      G
               +--------+--------+--------+--------+--------+-----+--------+
         Total |   1718 |   1680 |     38 |    115 |   1044 |   2 |  859.0 |
       Dungeon |   1718 |   1680 |     38 |    115 |   1044 |   2 |  859.0 |
               +--------+--------+--------+--------+--------+-----+--------+

Top non-repeatable levels by time:
     D:1: 1021 daAuts
     D:2: 697 daAuts
